[ AOE2 MATCH · #467096546 ]
1v1 RMTeutons vs Georgians
Player's team · WIN
Rival team · LOSS
[ REPLAY ANALYSIS · EXTRACTED FROM THE RECORDED GAME ]
Feudal
12:10
Castle
17:30
Imperial
30:42
| APM avg | 14.1 |
| APM peak | 34 |
| eAPM avg | 10.9 |
| Villagers / military | 120 / 136 |
Focus
⚔️ 37.9% · 🌾 62.1%
Scorpion ×38 · Knight ×37 · Spearman ×18 · Teutonic Knight ×18 · Monk ×11 · Trebuchet (Packed) ×10
Feudal
12:28
Castle
16:11
Imperial
33:31
| APM avg | 38.1 |
| APM peak | 85 |
| eAPM avg | 17.5 |
| Villagers / military | 151 / 112 |
Focus
⚔️ 25.1% · 🌾 74.9%
Scout Cavalry ×62 · Knight ×43 · Monk ×2 · Monaspa ×2 · Spearman ×2 · Trebuchet (Packed) ×1
Match map
Resources at game start + every placement click. Thick line = wall · dashed box = detected house wall. 🟡 gold · ⚪ stone · 🟢 berries · 🔶 boar · ⭕ relic
Inputs per minute
— hardiknavet2000 - - moa_atoa
Build order — hardiknavet2000
First 150 of 387 actions detected
| 0:09 | Build | House |
| 0:09 | Create | Villager (Male) |
| 0:10 | Create | Villager (Male) |
| 0:10 | Create | Villager (Male) |
| 0:10 | Create | Villager (Male) |
| 1:59 | Create | Villager (Male) |
| 2:17 | Build | House |
| 2:24 | Create | Villager (Male) |
| 2:26 | Create | Villager (Male) |
| 2:40 | Build | Lumber Camp |
| 3:01 | Create | Villager (Male) |
| 3:20 | Create | Villager (Male) |
| 3:29 | Build | House |
| 3:30 | Build | House |
| 3:33 | Create | Villager (Male) |
| 4:08 | Create | Villager (Male) |
| 4:08 | Create | Villager (Male) |
| 4:27 | Create | Villager (Male) |
| 4:48 | Create | Villager (Male) |
| 5:29 | Create | Villager (Male) |
| 6:04 | Build | Mill |
| 6:08 | Create | Villager (Male) |
| 6:09 | Create | Villager (Male) |
| 6:40 | Create | Villager (Male) |
| 6:41 | Create | Villager (Male) |
| 6:41 | Create | Villager (Male) |
| 7:16 | Create | Villager (Male) |
| 7:54 | Create | Villager (Male) |
| 7:55 | Create | Villager (Male) |
| 8:37 | Create | Villager (Male) |
| 8:37 | Create | Villager (Male) |
| 9:12 | Build | House |
| 9:41 | Build | Mining Camp |
| 9:47 | Research | Feudal Age |
| 10:00 | Build | Farm |
| 10:01 | Build | Farm |
| 10:03 | Build | Farm |
| 10:04 | Build | Farm |
| 10:06 | Build | Farm |
| 10:07 | Build | Farm |
| 10:09 | Build | Farm |
| 10:11 | Build | Farm |
| 10:12 | Build | Farm |
| 10:13 | Build | Farm |
| 10:15 | Build | Farm |
| 10:45 | Build | Barracks |
| 10:47 | Build | House |
| 10:48 | Build | House |
| 11:21 | Create | Villager (Male) |
| 11:22 | Create | Villager (Male) |
| 11:22 | Create | Villager (Male) |
| 12:10 | Age | Feudal Age |
| 13:02 | Build | Stable |
| 13:07 | Build | Blacksmith |
| 13:26 | Create | Villager (Male) |
| 13:53 | Create | Villager (Male) |
| 13:57 | Create | Villager (Male) |
| 13:59 | Build | Farm |
| 14:23 | Build | Farm |
| 14:50 | Research | Castle Age |
| 15:21 | Build | Stable |
| 15:28 | Create | Villager (Male) |
| 15:28 | Create | Villager (Male) |
| 15:29 | Create | Villager (Male) |
| 16:00 | Research | Double-Bit Axe |
| 16:03 | Research | Horse Collar |
| 16:22 | Research | Bloodlines |
| 16:28 | Build | House |
| 16:53 | Research | Forging |
| 17:30 | Age | Castle Age |
| 17:39 | Build | Town Center |
| 17:54 | Build | Town Center |
| 18:15 | Create | Villager (Male) |
| 18:16 | Create | Villager (Male) |
| 18:16 | Create | Villager (Male) |
| 18:51 | Build | Monastery |
| 19:04 | Create | Villager (Male) |
| 19:05 | Create | Villager (Male) |
| 19:14 | Research | Iron Casting |
| 19:17 | Research | Scale Barding Armor |
| 19:22 | Create | Knight |
| 20:07 | Create | Monk |
| 20:16 | Build | Monastery |
| 20:21 | Create | Villager (Male) |
| 20:22 | Create | Villager (Male) |
| 20:22 | Create | Villager (Male) |
| 20:22 | Create | Villager (Male) |
| 20:29 | Create | Villager (Male) |
| 20:43 | Create | Villager (Male) |
| 21:14 | Create | Monk |
| 21:40 | Create | Monk |
| 22:04 | Create | Knight |
| 22:24 | Build | Stable |
| 22:36 | Build | Farm |
| 22:37 | Build | Farm |
| 22:41 | Build | Farm |
| 22:43 | Research | Heavy Plow |
| 22:45 | Create | Villager (Male) |
| 22:45 | Create | Villager (Male) |
| 22:45 | Create | Villager (Male) |
| 22:46 | Create | Villager (Male) |
| 22:49 | Create | Villager (Male) |
| 22:50 | Create | Villager (Male) |
| 23:32 | Create | Monk |
| 23:33 | Create | Monk |
| 23:40 | Build | House |
| 23:41 | Build | House |
| 23:43 | Build | House |
| 23:44 | Build | House |
| 23:52 | Build | Farm |
| 23:53 | Build | Farm |
| 23:58 | Build | Farm |
| 23:59 | Build | Farm |
| 24:04 | Create | Villager (Male) |
| 24:04 | Create | Villager (Male) |
| 24:04 | Create | Villager (Male) |
| 24:05 | Create | Villager (Male) |
| 24:07 | Create | Villager (Male) |
| 24:07 | Create | Villager (Male) |
| 24:09 | Create | Villager (Male) |
| 24:09 | Create | Villager (Male) |
| 24:10 | Create | Villager (Male) |
| 24:19 | Build | Farm |
| 25:10 | Build | Farm |
| 25:13 | Build | Farm |
| 25:16 | Build | Farm |
| 25:18 | Build | Farm |
| 25:24 | Build | Farm |
| 25:31 | Build | Farm |
| 25:46 | Build | University |
| 25:58 | Build | Farm |
| 26:00 | Create | Villager (Male) |
| 26:01 | Create | Villager (Male) |
| 26:08 | Create | Villager (Male) |
| 26:08 | Create | Villager (Male) |
| 26:14 | Create | Villager (Male) |
| 26:14 | Create | Villager (Male) |
| 26:35 | Build | Farm |
| 26:42 | Build | Farm |
| 26:44 | Build | Farm |
| 26:55 | Build | Siege Workshop |
| 27:00 | Build | Siege Workshop |
| 27:14 | Build | Siege Workshop |
| 27:21 | Build | Farm |
| 27:32 | Research | Imperial Age |
| 27:36 | Research | Wheelbarrow |
| 27:40 | Research | Town Watch |
| 27:52 | Create | Knight |
| 27:53 | Create | Knight |
| 28:01 | Create | Monk |
Build order — moa_atoa
First 150 of 392 actions detected
| 0:02 | Create | Villager (Male) |
| 0:03 | Create | Villager (Male) |
| 0:03 | Create | Villager (Male) |
| 0:03 | Create | Villager (Male) |
| 0:03 | Create | Villager (Male) |
| 0:07 | Build | House |
| 0:10 | Build | House |
| 1:32 | Create | Villager (Male) |
| 1:33 | Create | Villager (Male) |
| 2:13 | Create | Villager (Male) |
| 2:13 | Create | Villager (Male) |
| 2:37 | Create | Villager (Male) |
| 2:38 | Create | Villager (Male) |
| 3:04 | Create | Villager (Male) |
| 3:05 | Create | Villager (Male) |
| 3:20 | Build | House |
| 3:23 | Build | House |
| 3:54 | Create | Villager (Male) |
| 3:54 | Create | Villager (Male) |
| 3:54 | Create | Villager (Male) |
| 4:07 | Create | Villager (Male) |
| 4:52 | Create | Villager (Male) |
| 4:52 | Create | Villager (Male) |
| 5:48 | Build | Mill |
| 6:02 | Create | Villager (Male) |
| 6:02 | Create | Villager (Male) |
| 6:19 | Create | Villager (Male) |
| 6:36 | Create | Villager (Male) |
| 7:18 | Build | Mill |
| 7:22 | Create | Villager (Male) |
| 7:23 | Create | Villager (Male) |
| 7:23 | Create | Villager (Male) |
| 7:55 | Create | Villager (Male) |
| 8:47 | Build | Farm |
| 8:48 | Build | Farm |
| 8:49 | Build | Farm |
| 8:49 | Build | Farm |
| 9:01 | Create | Villager (Male) |
| 9:01 | Create | Villager (Male) |
| 9:42 | Create | Villager (Male) |
| 9:43 | Research | Feudal Age |
| 10:34 | Create | Villager (Male) |
| 10:35 | Create | Villager (Male) |
| 11:29 | Build | House |
| 11:56 | Build | Farm |
| 11:58 | Build | Farm |
| 12:28 | Age | Feudal Age |
| 12:39 | Build | Market |
| 12:45 | Build | Blacksmith |
| 13:05 | Build | House |
| 13:09 | Build | Farm |
| 13:10 | Build | Farm |
| 13:31 | Research | Castle Age |
| 15:07 | Build | Mule Cart |
| 15:56 | Research | Double-Bit Axe |
| 16:00 | Research | Stone Mining |
| 16:11 | Age | Castle Age |
| 16:18 | Build | Monastery |
| 16:31 | Create | Villager (Male) |
| 16:31 | Create | Villager (Male) |
| 16:34 | Research | Loom |
| 17:12 | Build | Barracks |
| 17:14 | Create | Monk |
| 17:35 | Create | Villager (Male) |
| 17:36 | Create | Villager (Male) |
| 18:37 | Create | Monk |
| 18:43 | Create | Villager (Male) |
| 18:43 | Create | Villager (Male) |
| 18:44 | Create | Villager (Male) |
| 19:08 | Build | Stable |
| 19:47 | Build | Town Center |
| 20:01 | Build | Castle |
| 20:12 | Create | Villager (Male) |
| 20:12 | Create | Villager (Male) |
| 20:30 | Build | House |
| 20:44 | Create | Spearman |
| 20:45 | Create | Spearman |
| 20:53 | Build | House |
| 21:44 | Create | Villager (Male) |
| 21:44 | Create | Villager (Male) |
| 22:10 | Build | Stable |
| 22:14 | Create | Villager (Male) |
| 22:14 | Create | Villager (Male) |
| 22:14 | Create | Villager (Male) |
| 22:15 | Create | Villager (Male) |
| 22:50 | Build | Mule Cart |
| 22:56 | Create | Villager (Male) |
| 22:57 | Create | Villager (Male) |
| 22:57 | Create | Villager (Male) |
| 22:57 | Create | Villager (Male) |
| 23:01 | Research | Bloodlines |
| 23:02 | Research | Husbandry |
| 23:33 | Build | Stable |
| 23:48 | Build | Farm |
| 23:48 | Build | Farm |
| 23:48 | Build | Farm |
| 23:48 | Build | Farm |
| 23:48 | Build | Farm |
| 23:54 | Build | Farm |
| 23:54 | Build | Farm |
| 23:54 | Build | Farm |
| 23:55 | Build | Farm |
| 23:55 | Build | Farm |
| 24:29 | Research | Horse Collar |
| 24:37 | Research | Bow Saw |
| 25:02 | Create | Scout Cavalry |
| 25:02 | Create | Scout Cavalry |
| 25:05 | Research | Light Cavalry (upgrade) |
| 25:36 | Create | Villager (Male) |
| 25:36 | Create | Villager (Male) |
| 25:45 | Build | Farm |
| 25:46 | Build | Farm |
| 25:46 | Build | Farm |
| 25:46 | Build | Farm |
| 25:46 | Build | Farm |
| 25:47 | Build | Farm |
| 25:47 | Build | Farm |
| 25:47 | Build | Farm |
| 25:53 | Create | Scout Cavalry |
| 25:53 | Create | Scout Cavalry |
| 26:19 | Create | Villager (Male) |
| 26:19 | Create | Villager (Male) |
| 26:29 | Build | Town Center |
| 26:54 | Research | Gold Mining |
| 26:57 | Create | Villager (Male) |
| 26:57 | Create | Villager (Male) |
| 27:28 | Create | Villager (Male) |
| 27:28 | Create | Villager (Male) |
| 27:29 | Create | Villager (Male) |
| 27:29 | Create | Villager (Male) |
| 28:16 | Create | Scout Cavalry |
| 28:17 | Create | Scout Cavalry |
| 28:34 | Create | Villager (Male) |
| 28:34 | Create | Villager (Male) |
| 28:50 | Create | Villager (Male) |
| 28:51 | Create | Villager (Male) |
| 28:54 | Create | Knight |
| 29:15 | Create | Villager (Male) |
| 29:16 | Create | Villager (Male) |
| 29:16 | Create | Villager (Male) |
| 29:16 | Create | Villager (Male) |
| 29:52 | Create | Scout Cavalry |
| 29:52 | Create | Scout Cavalry |
| 29:58 | Build | Farm |
| 29:58 | Build | Farm |
| 29:59 | Build | Farm |
| 29:59 | Build | Farm |
| 30:21 | Research | Imperial Age |
| 30:30 | Create | Monaspa |
| 30:30 | Create | Monaspa |
Match timeline
| 10:45 | hardiknavet2000 · first_building Barracks |
| 12:10 | hardiknavet2000 · age_up feudal |
| 12:28 | moa_atoa · age_up feudal |
| 13:02 | hardiknavet2000 · first_building Stable |
| 16:11 | moa_atoa · age_up castle |
| 16:18 | moa_atoa · first_building Monastery |
| 17:12 | moa_atoa · first_building Barracks |
| 17:30 | hardiknavet2000 · age_up castle |
| 18:51 | hardiknavet2000 · first_building Monastery |
| 19:08 | moa_atoa · first_building Stable |
| 20:01 | moa_atoa · first_building Castle |
| 24:58 | moa_atoa · first_market_buy 100 food |
| 26:55 | hardiknavet2000 · first_building Siege Workshop |
| 30:12 | moa_atoa · first_market_sell 100 wood |
| 30:29 | hardiknavet2000 · first_building Castle |
| 30:42 | hardiknavet2000 · age_up imperial |
| 33:31 | moa_atoa · age_up imperial |
| 42:52 | moa_atoa · wall_segment Stone Wall x1 |
| 49:39 | moa_atoa · resign |
[ AI ANALYSIS · 1 CREDIT ]
What really happened in this match?
Wolo.gg analyzes every decision: build order, eco, micro, common mistakes by bracket. Personalized analysis on WhatsApp or Discord in 30 seconds.
Civ guide
Teutons
Map guide
Arena
Perfil
hardiknavet2000